Colorado Rockies vs Los Angeles Kings
Created - Saturday, April 20, 2024 at 06:51
Goals
|
| Colorado Rockies |
2 |
1 |
2 |
5 |
| Los Angeles Kings |
0 |
1 |
0 |
1 |
|
Shots
|
| Colorado Rockies |
11 |
15 |
12 |
38 |
| Los Angeles Kings |
11 |
10 |
6 |
27 |
|
1st period
1. Colorado Rockies , Michael Bunting 5 (Kyle Palmieri 10, Nick Bonino 5) at 9:24
2. Colorado Rockies , Nikita Kucherov 21 (Quinn Hughes 26, Kyle Connor 22) at 14:52
Penalties :
Nikita Kucherov (COL) for Unsportsmanlike conduct (Minor) at 9:32
2nd period
3. Colorado Rockies , Ryan O'Reilly 12 (Nick Schmaltz 25, Jesper Bratt 19) at 2:19 (PP)
4. Los Angeles Kings , Cole Perfetti 15 (Marco Rossi 10) at 18:28
Penalties :
Joshua Brown (LAK) for Cross-checking (Minor) at 1:43, Andrei Svechnikov (LAK) for Tripping (Minor) at 3:07, Nikita Kucherov (COL) for High sticking (Minor) at 6:40, Ryan Reaves (LAK) for High sticking (Minor) at 13:59
3rd period
5. Colorado Rockies , Nikita Kucherov 22 (Martin Fehervary 8, Kyle Connor 23) at 11:53
6. Colorado Rockies , Nikita Kucherov 23 (Kyle Connor 24, Ryan O'Reilly 34) at 14:53
Penalties :
Andrei Svechnikov (LAK) for Fighting (Major) at 15:11, Jesper Bratt (COL) for Fighting (Major) at 15:11, Nikita Zadorov (COL) for Holding (Minor) at 18:05
Goalie Stats
Andrei Vasilevskiy (COL), 26 saves from 27 shots - (0.963), W, 19-11-3, 60:00 minutes
John Gibson (LAK), 33 saves from 38 shots - (0.868), L, 18-26-6, 60:00 minutes
Players Stats for Colorado Rockies
Player Name G A P +/- PIM S H SB GA TA FO MP PP MP PK MP
------------------------------------------------------------------------------------
Andrew Peeke 0 0 0 0 0 0 3 0 0 0 0/0 19:31 0:00 2:16
David Pastrnak 0 0 0 0 0 1 0 1 3 0 1/2 16:14 2:14 0:00
Evgeny Kuznetsov 0 0 0 0 0 0 2 0 1 0 5/6 11:56 0:00 0:13
Jesper Bratt 0 1 1 0 5 1 0 2 0 2 1/3 15:21 2:20 0:00
Kevin Hayes 0 0 0 0 0 1 3 1 0 0 0/1 11:43 0:00 0:00
Kyle Connor 0 3 3 2 0 3 1 2 1 0 1/2 17:01 2:14 0:00
Kyle Palmieri 0 1 1 1 0 1 2 1 0 0 0/0 8:50 0:00 0:00
Martin Fehervary 0 1 1 1 0 2 1 2 0 1 0/0 12:14 0:00 0:00
Michael Bunting 1 0 1 1 0 3 0 0 0 0 0/0 9:45 0:00 0:00
Nick Bonino 0 1 1 1 0 2 0 0 1 0 4/10 12:07 0:00 3:01
Nick Schmaltz 0 1 1 0 0 4 1 0 1 0 0/2 16:46 2:20 2:38
Nikita Kucherov 3 0 3 2 4 11 1 0 1 0 0/0 17:12 1:51 0:00
Nikita Zadorov 0 0 0 1 2 0 3 0 0 2 0/0 14:15 0:00 2:15
Quinn Hughes 0 1 1 2 0 1 1 5 0 0 0/0 24:53 1:51 2:41
Ryan O'Reilly 1 1 2 2 0 1 1 1 0 2 15/21 19:56 2:20 2:51
Tim Stutzle 0 0 0 0 0 6 0 0 0 1 12/17 19:27 2:14 3:01
Victor Hedman 0 0 0 2 0 0 0 1 0 1 0/0 26:02 2:43 3:36
Vince Dunn 0 0 0 0 0 1 0 0 0 1 0/0 20:51 2:43 0:56
Players Stats for Los Angeles Kings
Player Name G A P +/- PIM S H SB GA TA FO MP PP MP PK MP
------------------------------------------------------------------------------------
Alexander Radulov 0 0 0 -1 0 1 0 1 1 1 8/21 19:16 2:59 2:10
Alexander Romanov 0 0 0 -2 0 1 4 0 1 0 0/0 22:01 2:41 1:55
Andrei Kuzmenko 0 0 0 -1 0 5 0 0 1 1 1/1 18:59 2:58 2:02
Andrei Svechnikov 0 0 0 -1 7 2 3 0 0 0 2/7 16:00 1:54 1:04
Cole Perfetti 1 0 1 0 0 4 2 1 0 0 7/13 16:07 2:49 1:02
Cooper Marody 0 0 0 -1 0 2 2 0 1 0 2/4 9:22 0:00 0:00
Erik Brannstrom 0 0 0 0 0 0 0 0 1 0 0/0 14:51 0:00 0:00
Jakub Zboril 0 0 0 -1 0 0 0 0 0 1 0/0 9:02 0:00 0:00
Joshua Brown 0 0 0 0 2 0 2 0 0 0 0/0 14:50 0:00 0:00
K'Andre Miller 0 0 0 -2 0 3 1 2 0 0 0/0 22:01 2:41 1:55
Marco Rossi 0 1 1 0 0 1 0 1 0 1 0/0 15:50 3:15 0:00
Noah Dobson 0 0 0 -1 0 4 0 0 1 0 0/0 23:08 3:11 2:39
Owen Power 0 0 0 -1 0 0 0 5 0 1 0/0 23:08 3:11 2:39
Peyton Krebs 0 0 0 -1 0 1 0 0 2 0 0/0 16:05 0:33 0:40
Ryan Reaves 0 0 0 0 2 1 0 0 0 0 0/1 12:25 0:05 0:00
Seth Jarvis 0 0 0 -1 0 0 2 1 0 2 5/16 18:44 2:58 2:10
Trent Frederic 0 0 0 -1 0 1 3 3 1 1 0/0 14:12 0:00 0:00
Vitali Kravtsov 0 0 0 -1 0 1 0 0 1 0 0/1 9:21 0:05 0:00
3 Stars
1 - Nikita Kucherov (COL)
2 - Kyle Connor (COL)
3 - Ryan O'Reilly (COL)
Power Play
Colorado Rockies - 1 on 3 Attempt(s) - 33.33%
Los Angeles Kings - 0 on 3 Attempt(s) - 0.00%
Penalty Kill
Colorado Rockies - 3 on 3 Attempt(s) - 100.00%
- Score 0 goal in Penalty Kill
Los Angeles Kings - 2 on 3 Attempt(s) - 66.67%
- Score 0 goal in Penalty Kill
Team Stat
Colorado Rockies - Hits : 19 - Faceoff Wins : 39 - Blocked Shots : 16 - Penalty Minutes : 11
Los Angeles Kings - Hits : 19 - Faceoff Wins : 25 - Blocked Shots : 14 - Penalty Minutes : 11
Official
Referees : Steve Kozari and Tom Kowal
Linesman : Mike Cvik and Tony Sericolo
Game Notes
Nikita Kucherov has scored a Hat Trick!
Andrei Svechnikov beats up Jesper Bratt at 15:11 of 3rd period
Finance
Level 1 -- Attendance: 5040 (84.00%) -- Ticket Income $504,000
Level 2 -- Attendance: 3863 (77.26%) -- Ticket Income $231,780
Level 3 -- Attendance: 2193 (73.10%) -- Ticket Income $76,755
Level 4 -- Attendance: 3937 (78.74%) -- Ticket Income $98,425
Luxury Box -- Attendance: 735 (73.50%) -- Ticket Income $147,000
Game was played at the Staples Center.
Total Attendance: 15768 (78.84%)
Total Ticket Income: $1,057,960
Other Income: $370,286
Total Income: $1,428,246
Colorado Rockies
5 vs 5 Forward
Center Left Wing Right Wing Time % Phy DF OF
1 Ryan O'Reilly Kyle Connor Nikita Kucherov 30 1 2 2
2 Tim Stutzle Jesper Bratt David Pastrnak 30 1 2 2
3 Evgeny Kuznetsov Nick Schmaltz Kevin Hayes 25 1 2 2
4 Nick Bonino Michael Bunting Kyle Palmieri 15 1 2 2
5 vs 5 Defense
Defense Defense Time % Phy DF OF
1 Victor Hedman Quinn Hughes 42 1 2 2
2 Vince Dunn Andrew Peeke 36 1 2 2
3 Martin Fehervary Nikita Zadorov 22 1 2 2
4 Victor Hedman Quinn Hughes 0 1 2 2
PowerPlay Forward
Center Left Wing Right Wing Time % Phy DF OF
1 Tim Stutzle Kyle Connor David Pastrnak 50 1 2 2
2 Ryan O'Reilly Jesper Bratt Nick Schmaltz 50 1 2 2
PowerPlay Defense
Defense Defense Time % Phy DF OF
1 Nikita Kucherov Quinn Hughes 50 1 2 2
2 Victor Hedman Vince Dunn 50 1 2 2
Penalty Kill 4 Players Forward
Center Wing Time % Phy DF OF
1 Ryan O'Reilly Nick Schmaltz 50 1 2 2
2 Nick Bonino Tim Stutzle 50 1 2 2
Penalty Kill 4 Players Defense
Defense Defense Time % Phy DF OF
1 Quinn Hughes Andrew Peeke 50 1 2 2
2 Victor Hedman Nikita Zadorov 50 1 2 2
Penalty Kill - 3 Players Forward
Forward Time % Phy DF OF
1 Ryan O'Reilly 50 1 2 2
2 Nick Bonino 50 1 2 2
Penalty Kill - 3 Players Defense
Defense Defense Time % Phy DF OF
1 Andrew Peeke Victor Hedman 50 1 2 2
2 Quinn Hughes Nikita Zadorov 50 1 2 2
4 vs 4 Forward
Center Wing Time % Phy DF OF
1 Tim Stutzle Nikita Kucherov 50 1 2 2
2 Ryan O'Reilly David Pastrnak 50 1 2 2
4 vs 4 Defense
Defense Defense Time % Phy DF OF
1 Victor Hedman Quinn Hughes 50 1 2 2
2 Nikita Zadorov Andrew Peeke 50 1 2 2
Last Minutes Offensive
Center Left Wing Right Wing Defense Defense
Ryan O'Reilly Kyle Connor Nikita Kucherov Victor Hedman Quinn Hughes
Last Minutes Defensive
Center Left Wing Right Wing Defense Defense
Ryan O'Reilly Kyle Connor Nikita Kucherov Victor Hedman Quinn Hughes
Goaltenders
Starting : Andrei Vasilevskiy
Backup : Joey Daccord
Extra Forwards
Normal : Michael Bunting, Nick Schmaltz, Evgeny Kuznetsov - PP : Michael Bunting, Nick Schmaltz - PK : Evgeny Kuznetsov
Extra Defensemen
Normal : Victor Hedman, Nikita Zadorov, Vince Dunn - PP : Victor Hedman - PK : Nikita Zadorov, Vince Dunn
Penalty Shots
Evgeny Kuznetsov, Michael Bunting, Nikita Kucherov, Tim Stutzle, Nick Bonino
Los Angeles Kings
5 vs 5 Forward
Center Left Wing Right Wing Time % Phy DF OF
1 Seth Jarvis Andrei Svechnikov Andrei Kuzmenko 30 1 2 2
2 Alexander Radulov Trent Frederic Peyton Krebs 30 1 2 2
3 Cole Perfetti Ryan Reaves Marco Rossi 25 1 2 2
4 Cooper Marody Vitali Kravtsov Jakub Zboril 15 1 2 2
5 vs 5 Defense
Defense Defense Time % Phy DF OF
1 K'Andre Miller Alexander Romanov 35 1 2 2
2 Noah Dobson Owen Power 35 1 2 2
3 Joshua Brown Erik Brannstrom 30 1 2 2
4 K'Andre Miller Alexander Romanov 0 1 2 2
PowerPlay Forward
Center Left Wing Right Wing Time % Phy DF OF
1 Seth Jarvis Andrei Svechnikov Andrei Kuzmenko 50 1 2 2
2 Alexander Radulov Cole Perfetti Marco Rossi 50 1 2 2
PowerPlay Defense
Defense Defense Time % Phy DF OF
1 K'Andre Miller Alexander Romanov 50 1 2 2
2 Noah Dobson Owen Power 50 1 2 2
Penalty Kill 4 Players Forward
Center Wing Time % Phy DF OF
1 Andrei Svechnikov Andrei Kuzmenko 50 1 2 2
2 Alexander Radulov Seth Jarvis 50 1 2 2
Penalty Kill 4 Players Defense
Defense Defense Time % Phy DF OF
1 K'Andre Miller Alexander Romanov 50 1 2 2
2 Noah Dobson Owen Power 50 1 2 2
Penalty Kill - 3 Players Forward
Forward Time % Phy DF OF
1 Andrei Svechnikov 50 1 2 2
2 Andrei Kuzmenko 50 1 2 2
Penalty Kill - 3 Players Defense
Defense Defense Time % Phy DF OF
1 K'Andre Miller Alexander Romanov 50 1 2 2
2 Noah Dobson Owen Power 50 1 2 2
4 vs 4 Forward
Center Wing Time % Phy DF OF
1 Andrei Svechnikov Andrei Kuzmenko 50 1 2 2
2 Alexander Radulov Seth Jarvis 50 1 2 2
4 vs 4 Defense
Defense Defense Time % Phy DF OF
1 K'Andre Miller Alexander Romanov 50 1 2 2
2 Noah Dobson Owen Power 50 1 2 2
Last Minutes Offensive
Center Left Wing Right Wing Defense Defense
Seth Jarvis Andrei Svechnikov Andrei Kuzmenko K'Andre Miller Alexander Romanov
Last Minutes Defensive
Center Left Wing Right Wing Defense Defense
Seth Jarvis Andrei Svechnikov Andrei Kuzmenko K'Andre Miller Alexander Romanov
Goaltenders
Starting : John Gibson
Backup : Jonas Johansson
Extra Forwards
Normal : Marco Rossi, Alexander Radulov, Cole Perfetti - PP : Marco Rossi, Alexander Radulov - PK : Cole Perfetti
Extra Defensemen
Normal : Joshua Brown, Erik Brannstrom, Noah Dobson - PP : Joshua Brown - PK : Erik Brannstrom, Noah Dobson
Penalty Shots
Andrei Svechnikov, Andrei Kuzmenko, Cole Perfetti, Seth Jarvis, Alexander Radulov
% Time on Ice - Colorado Rockies
Lines # - Real PCT - Wanted PCT - Time Play
Normal Forward
1 - 30% - 30% - 14:47
2 - 29% - 30% - 14:14
3 - 24% - 25% - 11:43
4 - 18% - 15% - 8:50
Normal Defense
1 - 40% - 42% - 19:58
2 - 35% - 36% - 17:12
3 - 24% - 22% - 12:01
4 - 1% - 0% - 0:23
PP Forward
1 - 49% - 50% - 2:14
2 - 51% - 50% - 2:20
PP Defense
1 - 41% - 50% - 1:51
2 - 59% - 50% - 2:43
PK Forward
1 - 49% - 50% - 2:51
2 - 51% - 50% - 3:01
PK Defense
1 - 38% - 50% - 2:13
2 - 62% - 50% - 3:39
PK3 Forward
1 - 0% - 50%
2 - 0% - 50%
PK3 Defense
1 - 0% - 50%
2 - 0% - 50%
44 Forward
1 - 0% - 50%
2 - 0% - 50%
44 Defense
1 - 0% - 50%
2 - 0% - 50%
Last Minute Offensive - 0:00
Last Minute Defensive - 0:00
Total
Forward - 60:00
Defense - 60:00
|
% Time on Ice - Los Angeles Kings
Lines # - Real PCT - Wanted PCT - Time Play
Normal Forward
1 - 29% - 30% - 14:16
2 - 29% - 30% - 14:12
3 - 24% - 25% - 12:04
4 - 18% - 15% - 9:02
Normal Defense
1 - 35% - 35% - 17:25
2 - 35% - 35% - 17:18
3 - 30% - 30% - 14:51
4 - 0% - 0% - 0:00
PP Forward
1 - 52% - 50% - 3:03
2 - 48% - 50% - 2:49
PP Defense
1 - 46% - 50% - 2:41
2 - 54% - 50% - 3:11
PK Forward
1 - 53% - 50% - 2:24
2 - 47% - 50% - 2:10
PK Defense
1 - 42% - 50% - 1:55
2 - 58% - 50% - 2:39
PK3 Forward
1 - 0% - 50%
2 - 0% - 50%
PK3 Defense
1 - 0% - 50%
2 - 0% - 50%
44 Forward
1 - 0% - 50%
2 - 0% - 50%
44 Defense
1 - 0% - 50%
2 - 0% - 50%
Last Minute Offensive - 0:00
Last Minute Defensive - 0:00
Total
Forward - 60:00
Defense - 60:00
|
Play-by-Play
1st period
0:01 of 1st period - Ryan O'Reilly wins face-off versus Seth Jarvis in neutral zone.
0:50 of 1st period - Snap shot by Cooper Marody.
0:50 of 1st period - Stopped by Andrei Vasilevskiy with a rebound.
0:56 of 1st period - Slapshot by Cooper Marody.
0:56 of 1st period - Deflect By Quinn Hughes.
0:56 of 1st period - Shot Misses the Net.
0:56 of 1st period - Puck is out of play.
0:57 of 1st period - Evgeny Kuznetsov wins face-off versus Ryan Reaves in Colorado Rockies zone.
1:22 of 1st period - Andrew Peeke is hit by Andrei Svechnikov and loses puck.
1:39 of 1st period - Snap shot by Nick Schmaltz.
1:39 of 1st period - Stopped by John Gibson with a rebound.
1:41 of 1st period - Slapshot by Andrew Peeke.
1:41 of 1st period - Shot Blocked by Seth Jarvis.
1:45 of 1st period - Snap shot by Nick Schmaltz.
1:45 of 1st period - Shot Misses the Net.
1:47 of 1st period - Slapshot by Vince Dunn.
1:47 of 1st period - Deflect By Nick Schmaltz.
1:47 of 1st period - Stopped by John Gibson with a rebound.
1:49 of 1st period - Slapshot by Kevin Hayes.
1:49 of 1st period - Stopped by John Gibson without a rebound.
1:50 of 1st period - Nick Bonino wins face-off versus Alexander Radulov in Los Angeles Kings zone.
1:53 of 1st period - Snap shot by Nick Bonino.
1:53 of 1st period - Stopped by John Gibson with a rebound.
1:59 of 1st period - Snap shot by Alexander Radulov.
1:59 of 1st period - Shot Misses the Net.
2:05 of 1st period - Wrist shot by Alexander Radulov.
2:05 of 1st period - Shot Misses the Net.
2:26 of 1st period - Snap shot by Quinn Hughes.
2:26 of 1st period - Shot Blocked by Owen Power.
2:50 of 1st period - Slapshot by Noah Dobson.
2:50 of 1st period - Shot Misses the Net.
2:56 of 1st period - Owen Power is hit by Andrew Peeke and loses puck.
3:02 of 1st period - Icing by Owen Power.
3:03 of 1st period - Ryan O'Reilly wins face-off versus Cooper Marody in Los Angeles Kings zone.
4:05 of 1st period - Off-side.
4:06 of 1st period - Ryan O'Reilly wins face-off versus Cole Perfetti in neutral zone.
4:11 of 1st period - Snap shot by Kyle Connor.
4:11 of 1st period - Shot Blocked by K'Andre Miller.
4:33 of 1st period - Jesper Bratt is hit by Alexander Romanov and loses puck.
5:18 of 1st period - Quinn Hughes is hit by K'Andre Miller.
5:22 of 1st period - Quinn Hughes is hit by Alexander Romanov and loses puck.
5:51 of 1st period - Off-side.
5:52 of 1st period - Jesper Bratt wins face-off versus Seth Jarvis in neutral zone.
5:59 of 1st period - Slapshot by David Pastrnak.
5:59 of 1st period - Deflect By Tim Stutzle.
5:59 of 1st period - Stopped by John Gibson without a rebound.
6:00 of 1st period - Alexander Radulov wins face-off versus Ryan O'Reilly in Los Angeles Kings zone.
7:26 of 1st period - Off-side.
7:27 of 1st period - Nick Bonino wins face-off versus Alexander Radulov in neutral zone.
7:32 of 1st period - Alexander Radulov is hit by Kyle Palmieri.
8:05 of 1st period - Snap shot by Michael Bunting.
8:05 of 1st period - Shot Blocked by Trent Frederic.
8:07 of 1st period - Slapshot by Nikita Zadorov.
8:07 of 1st period - Deflect By Kyle Palmieri.
8:07 of 1st period - Shot Blocked by Trent Frederic.
8:07 of 1st period - Puck is out of play.
8:08 of 1st period - Cole Perfetti wins face-off versus Tim Stutzle in Los Angeles Kings zone.
8:23 of 1st period - Wrist shot by Tim Stutzle.
8:23 of 1st period - Stopped by John Gibson with a rebound.
9:11 of 1st period - Jakub Zboril is hit by Andrew Peeke and loses puck.
9:22 of 1st period - Snap shot by Kyle Palmieri.
9:22 of 1st period - Shot Misses the Net.
9:24 of 1st period - Snap shot by Michael Bunting.
9:24 of 1st period - Goal by Michael Bunting - Colorado Rockies : 1 - Los Angeles Kings : 0.
9:25 of 1st period - Cole Perfetti wins face-off versus Kyle Connor in neutral zone.
9:28 of 1st period - Snap shot by Noah Dobson.
9:28 of 1st period - Stopped by Andrei Vasilevskiy without a rebound.
9:29 of 1st period - Cole Perfetti wins face-off versus Ryan O'Reilly in Colorado Rockies zone.
9:30 of 1st period - Slapshot by Noah Dobson.
9:30 of 1st period - Shot Blocked by Quinn Hughes.
9:32 of 1st period - Minor Penalty to Nikita Kucherov for Unsportsmanlike conduct.
9:33 of 1st period - Seth Jarvis wins face-off versus Ryan O'Reilly in Colorado Rockies zone.
9:34 of 1st period - Snap shot by Andrei Svechnikov.
9:34 of 1st period - Shot Misses the Net.
9:36 of 1st period - Slapshot by Alexander Romanov.
9:36 of 1st period - Stopped by Andrei Vasilevskiy without a rebound.
9:37 of 1st period - Seth Jarvis wins face-off versus Nick Schmaltz in Colorado Rockies zone.
9:40 of 1st period - Slapshot by Andrei Kuzmenko.
9:40 of 1st period - Stopped by Andrei Vasilevskiy without a rebound.
9:41 of 1st period - Seth Jarvis wins face-off versus Ryan O'Reilly in Colorado Rockies zone.
9:44 of 1st period - Snap shot by Andrei Svechnikov.
9:44 of 1st period - Stopped by Andrei Vasilevskiy without a rebound.
9:45 of 1st period - Alexander Radulov wins face-off versus Tim Stutzle in Colorado Rockies zone.
9:46 of 1st period - Snap shot by Cole Perfetti.
9:46 of 1st period - Stopped by Andrei Vasilevskiy without a rebound.
9:47 of 1st period - Alexander Radulov wins face-off versus Nick Bonino in Colorado Rockies zone.
11:08 of 1st period - Nikita Zadorov is hit by Cole Perfetti and loses puck.
11:32 of 1st period - Penalty to Nikita Kucherov is over, Nikita Kucherov is back on ice.
12:21 of 1st period - Trent Frederic is hit by Nikita Zadorov and loses puck.
13:23 of 1st period - Off-side.
13:24 of 1st period - Ryan O'Reilly wins face-off versus Seth Jarvis in neutral zone.
13:34 of 1st period - Off-side.
13:35 of 1st period - Cole Perfetti wins face-off versus Evgeny Kuznetsov in neutral zone.
14:39 of 1st period - Kyle Connor is hit by Seth Jarvis and loses puck.
14:52 of 1st period - Wrist shot by Nikita Kucherov.
14:52 of 1st period - Goal by Nikita Kucherov - Colorado Rockies : 2 - Los Angeles Kings : 0.
14:53 of 1st period - Cole Perfetti wins face-off versus Jesper Bratt in neutral zone.
15:46 of 1st period - Slapshot by Cooper Marody.
15:46 of 1st period - Stopped by Andrei Vasilevskiy without a rebound.
15:47 of 1st period - Cooper Marody wins face-off versus David Pastrnak in Colorado Rockies zone.
15:48 of 1st period - Slapshot by Noah Dobson.
15:48 of 1st period - Deflect By Cooper Marody.
15:48 of 1st period - Shot Misses the Net.
15:48 of 1st period - Puck is out of play.
15:49 of 1st period - Tim Stutzle wins face-off versus Cole Perfetti in Colorado Rockies zone.
15:54 of 1st period - Backhand shot by Marco Rossi.
15:54 of 1st period - Shot Misses the Net.
15:56 of 1st period - Slapshot by Marco Rossi.
15:56 of 1st period - Shot Misses the Net.
15:58 of 1st period - Slapshot by Cole Perfetti.
15:58 of 1st period - Shot Misses the Net.
16:00 of 1st period - Backhand shot by Noah Dobson.
16:00 of 1st period - Deflect By Quinn Hughes.
16:00 of 1st period - Stopped by Andrei Vasilevskiy with a rebound.
16:14 of 1st period - Andrei Kuzmenko is hit by Quinn Hughes and loses puck.
16:46 of 1st period - Snap shot by Alexander Radulov.
16:46 of 1st period - Shot Misses the Net.
16:48 of 1st period - Snap shot by Peyton Krebs.
16:48 of 1st period - Stopped by Andrei Vasilevskiy with a rebound.
16:50 of 1st period - Wrist shot by Trent Frederic.
16:50 of 1st period - Shot Misses the Net.
17:06 of 1st period - Slapshot by Nick Bonino.
17:06 of 1st period - Shot Blocked by Marco Rossi.
17:08 of 1st period - Slapshot by Vince Dunn.
17:08 of 1st period - Stopped by John Gibson without a rebound.
17:09 of 1st period - Tim Stutzle wins face-off versus Seth Jarvis in Los Angeles Kings zone.
17:20 of 1st period - Quinn Hughes is hit by Seth Jarvis and loses puck.
17:58 of 1st period - Snap shot by Marco Rossi.
17:58 of 1st period - Shot Blocked by Kyle Connor.
18:00 of 1st period - Wrist shot by K'Andre Miller.
18:00 of 1st period - Stopped by Andrei Vasilevskiy without a rebound.
18:01 of 1st period - Ryan O'Reilly wins face-off versus Cole Perfetti in Colorado Rockies zone.
19:12 of 1st period - Nick Bonino is hit by Joshua Brown and loses puck.
19:17 of 1st period - Slapshot by Cooper Marody.
19:17 of 1st period - Shot Misses the Net.
19:19 of 1st period - Slapshot by Joshua Brown.
19:19 of 1st period - Shot Blocked by Quinn Hughes.
19:35 of 1st period - Snap shot by Marco Rossi.
19:35 of 1st period - Shot Misses the Net.
19:37 of 1st period - Slapshot by Cole Perfetti.
19:37 of 1st period - Stopped by Andrei Vasilevskiy without a rebound.
19:38 of 1st period - Ryan O'Reilly wins face-off versus Andrei Svechnikov in Colorado Rockies zone.
19:55 of 1st period - Wrist shot by Nikita Kucherov.
19:55 of 1st period - Shot Blocked by K'Andre Miller.
19:57 of 1st period - Wrist shot by Kyle Connor.
19:57 of 1st period - Stopped by John Gibson with a rebound.
19:59 of 1st period - Snap shot by Nikita Kucherov.
19:59 of 1st period - Stopped by John Gibson with a rebound.
Goals for this period are 2 for Colorado Rockies vs 0 for Los Angeles Kings.
Shots for this period are 11 for Colorado Rockies vs 11 for Los Angeles Kings.
2nd period
0:01 of 2nd period - David Pastrnak wins face-off versus Alexander Radulov in neutral zone.
0:04 of 2nd period - Snap shot by Jesper Bratt.
0:04 of 2nd period - Shot Blocked by Alexander Radulov.
0:06 of 2nd period - Wrist shot by Tim Stutzle.
0:06 of 2nd period - Shot Blocked by Owen Power.
0:08 of 2nd period - Slapshot by Andrew Peeke.
0:08 of 2nd period - Shot Blocked by Trent Frederic.
0:10 of 2nd period - Slapshot by Jesper Bratt.
0:10 of 2nd period - Stopped by John Gibson with a rebound.
0:55 of 2nd period - Wrist shot by Andrei Svechnikov.
0:55 of 2nd period - Deflect By Ryan O'Reilly.
0:55 of 2nd period - Stopped by Andrei Vasilevskiy without a rebound.
0:56 of 2nd period - Tim Stutzle wins face-off versus Alexander Radulov in Colorado Rockies zone.
0:56 of 2nd period - Tim Stutzle is hit by Trent Frederic.
1:34 of 2nd period - Snap shot by Ryan Reaves.
1:34 of 2nd period - Stopped by Andrei Vasilevskiy without a rebound.
1:35 of 2nd period - Andrei Svechnikov wins face-off versus Kevin Hayes in Colorado Rockies zone.
1:36 of 2nd period - Snap shot by Andrei Kuzmenko.
1:36 of 2nd period - Deflect By Andrei Svechnikov.
1:36 of 2nd period - Shot Misses the Net.
1:36 of 2nd period - Puck is out of play.
1:37 of 2nd period - Evgeny Kuznetsov wins face-off versus Seth Jarvis in Colorado Rockies zone.
1:43 of 2nd period - Minor Penalty to Joshua Brown for Cross-checking.
1:44 of 2nd period - Andrei Svechnikov wins face-off versus Tim Stutzle in Los Angeles Kings zone.
1:51 of 2nd period - Icing by Quinn Hughes.
1:52 of 2nd period - Alexander Radulov wins face-off versus Tim Stutzle in Colorado Rockies zone.
2:03 of 2nd period - Wrist shot by Seth Jarvis.
2:03 of 2nd period - Shot Misses the Net.
2:09 of 2nd period - Wrist shot by Tim Stutzle.
2:09 of 2nd period - Stopped by John Gibson without a rebound.
2:10 of 2nd period - Ryan O'Reilly wins face-off versus Andrei Svechnikov in Los Angeles Kings zone.
2:13 of 2nd period - Slapshot by Nick Schmaltz.
2:13 of 2nd period - Stopped by John Gibson without a rebound.
2:14 of 2nd period - Ryan O'Reilly wins face-off versus Andrei Svechnikov in Los Angeles Kings zone.
2:19 of 2nd period - Wrist shot by Nick Schmaltz.
2:19 of 2nd period - Deflect By Ryan O'Reilly.
2:19 of 2nd period - Goal by Ryan O'Reilly - Colorado Rockies : 3 - Los Angeles Kings : 0.
2:20 of 2nd period - Alexander Radulov wins face-off versus Nick Schmaltz in neutral zone.
2:27 of 2nd period - Slapshot by Nick Schmaltz.
2:27 of 2nd period - Shot Misses the Net.
3:07 of 2nd period - Minor Penalty to Andrei Svechnikov for Tripping.
3:08 of 2nd period - Ryan O'Reilly wins face-off versus Cole Perfetti in Los Angeles Kings zone.
3:19 of 2nd period - Wrist shot by Jesper Bratt.
3:19 of 2nd period - Shot Blocked by Cole Perfetti.
3:21 of 2nd period - Backhand shot by Vince Dunn.
3:21 of 2nd period - Shot Misses the Net.
3:41 of 2nd period - Snap shot by David Pastrnak.
3:41 of 2nd period - Shot Misses the Net.
3:51 of 2nd period - Andrei Kuzmenko is hit by Kyle Connor and loses puck.
5:07 of 2nd period - Penalty to Andrei Svechnikov is over, Andrei Svechnikov is back on ice.
5:13 of 2nd period - Wrist shot by Andrei Kuzmenko.
5:13 of 2nd period - Stopped by Andrei Vasilevskiy with a rebound.
6:00 of 2nd period - Off-side.
6:01 of 2nd period - Evgeny Kuznetsov wins face-off versus Vitali Kravtsov in neutral zone.
6:40 of 2nd period - Minor Penalty to Nikita Kucherov for High sticking.
6:41 of 2nd period - Nick Bonino wins face-off versus Alexander Radulov in Colorado Rockies zone.
6:57 of 2nd period - Snap shot by Nick Schmaltz.
6:57 of 2nd period - Stopped by John Gibson with a rebound.
7:17 of 2nd period - Snap shot by Andrei Svechnikov.
7:17 of 2nd period - Deflect By Andrei Kuzmenko.
7:17 of 2nd period - Stopped by Andrei Vasilevskiy with a rebound.
8:40 of 2nd period - Penalty to Nikita Kucherov is over, Nikita Kucherov is back on ice.
8:47 of 2nd period - Andrew Peeke is hit by Alexander Romanov and loses puck.
9:16 of 2nd period - Martin Fehervary is hit by Joshua Brown.
9:29 of 2nd period - Slapshot by Martin Fehervary.
9:29 of 2nd period - Stopped by John Gibson with a rebound.
9:31 of 2nd period - Slapshot by David Pastrnak.
9:31 of 2nd period - Shot Misses the Net.
9:33 of 2nd period - Slapshot by Martin Fehervary.
9:33 of 2nd period - Stopped by John Gibson without a rebound.
9:34 of 2nd period - Evgeny Kuznetsov wins face-off versus Alexander Radulov in Los Angeles Kings zone.
10:23 of 2nd period - Slapshot by Cole Perfetti.
10:23 of 2nd period - Deflect By Marco Rossi.
10:23 of 2nd period - Stopped by Andrei Vasilevskiy without a rebound.
10:24 of 2nd period - Evgeny Kuznetsov wins face-off versus Andrei Svechnikov in Colorado Rockies zone.
10:56 of 2nd period - Jesper Bratt is hit by Cole Perfetti and loses puck.
11:13 of 2nd period - Nikita Kucherov is hit by Cooper Marody and loses puck.
11:37 of 2nd period - Wrist shot by Andrei Svechnikov.
11:37 of 2nd period - Shot Misses the Net.
11:45 of 2nd period - Snap shot by Kyle Palmieri.
11:45 of 2nd period - Stopped by John Gibson without a rebound.
11:46 of 2nd period - Tim Stutzle wins face-off versus Alexander Radulov in Los Angeles Kings zone.
11:56 of 2nd period - Off-side.
11:57 of 2nd period - Alexander Radulov wins face-off versus Ryan O'Reilly in neutral zone.
12:35 of 2nd period - Snap shot by Tim Stutzle.
12:35 of 2nd period - Stopped by John Gibson with a rebound.
12:45 of 2nd period - Andrei Svechnikov is hit by Kevin Hayes.
13:12 of 2nd period - Snap shot by Nikita Kucherov.
13:12 of 2nd period - Stopped by John Gibson without a rebound.
13:13 of 2nd period - Ryan O'Reilly wins face-off versus Cooper Marody in Los Angeles Kings zone.
13:14 of 2nd period - Wrist shot by Nikita Kucherov.
13:14 of 2nd period - Stopped by John Gibson without a rebound.
13:15 of 2nd period - Tim Stutzle wins face-off versus Alexander Radulov in Los Angeles Kings zone.
13:48 of 2nd period - Alexander Romanov is hit by Nikita Kucherov and loses puck.
13:59 of 2nd period - Minor Penalty to Ryan Reaves for High sticking.
14:00 of 2nd period - Ryan O'Reilly wins face-off versus Alexander Radulov in Los Angeles Kings zone.
14:28 of 2nd period - Snap shot by David Pastrnak.
14:28 of 2nd period - Shot Misses the Net.
15:59 of 2nd period - Penalty to Ryan Reaves is over, Ryan Reaves is back on ice.
16:05 of 2nd period - Vince Dunn is hit by Cooper Marody.
16:11 of 2nd period - Wrist shot by Vitali Kravtsov.
16:11 of 2nd period - Shot Blocked by Kyle Palmieri.
16:13 of 2nd period - Snap shot by Vitali Kravtsov.
16:13 of 2nd period - Stopped by Andrei Vasilevskiy without a rebound.
16:14 of 2nd period - Cole Perfetti wins face-off versus Nick Bonino in Colorado Rockies zone.
16:20 of 2nd period - Off-side.
16:21 of 2nd period - Cole Perfetti wins face-off versus Nick Bonino in neutral zone.
16:56 of 2nd period - Alexander Romanov is hit by Kyle Palmieri.
17:00 of 2nd period - Wrist shot by K'Andre Miller.
17:00 of 2nd period - Deflect By Nick Bonino.
17:00 of 2nd period - Stopped by Andrei Vasilevskiy without a rebound.
17:01 of 2nd period - Tim Stutzle wins face-off versus Alexander Radulov in Colorado Rockies zone.
17:08 of 2nd period - Snap shot by David Pastrnak.
17:08 of 2nd period - Deflect By Tim Stutzle.
17:08 of 2nd period - Stopped by John Gibson without a rebound.
17:09 of 2nd period - Alexander Radulov wins face-off versus Jesper Bratt in Los Angeles Kings zone.
17:20 of 2nd period - Wrist shot by Peyton Krebs.
17:20 of 2nd period - Deflect By Alexander Radulov.
17:20 of 2nd period - Shot Blocked by Quinn Hughes.
17:20 of 2nd period - Puck is out of play.
17:21 of 2nd period - Ryan O'Reilly wins face-off versus Alexander Radulov in Colorado Rockies zone.
17:28 of 2nd period - Slapshot by Noah Dobson.
17:28 of 2nd period - Stopped by Andrei Vasilevskiy without a rebound.
17:29 of 2nd period - Ryan O'Reilly wins face-off versus Alexander Radulov in Colorado Rockies zone.
17:42 of 2nd period - Slapshot by Kyle Connor.
17:42 of 2nd period - Shot Misses the Net.
17:44 of 2nd period - Slapshot by Nikita Kucherov.
17:44 of 2nd period - Stopped by John Gibson without a rebound.
17:45 of 2nd period - Tim Stutzle wins face-off versus Seth Jarvis in Los Angeles Kings zone.
17:52 of 2nd period - Snap shot by David Pastrnak.
17:52 of 2nd period - Stopped by John Gibson without a rebound.
17:53 of 2nd period - Tim Stutzle wins face-off versus Seth Jarvis in Los Angeles Kings zone.
18:22 of 2nd period - Slapshot by Cole Perfetti.
18:22 of 2nd period - Stopped by Andrei Vasilevskiy without a rebound.
18:23 of 2nd period - Ryan O'Reilly wins face-off versus Cole Perfetti in Colorado Rockies zone.
18:28 of 2nd period - Wrist shot by Cole Perfetti.
18:28 of 2nd period - Goal by Cole Perfetti - Colorado Rockies : 3 - Los Angeles Kings : 1.
18:29 of 2nd period - Ryan O'Reilly wins face-off versus Alexander Radulov in neutral zone.
18:54 of 2nd period - Seth Jarvis is hit by Evgeny Kuznetsov and loses puck.
19:26 of 2nd period - Snap shot by Michael Bunting.
19:26 of 2nd period - Stopped by John Gibson without a rebound.
19:27 of 2nd period - Alexander Radulov wins face-off versus Ryan O'Reilly in Los Angeles Kings zone.
19:36 of 2nd period - Wrist shot by Peyton Krebs.
19:36 of 2nd period - Shot Misses the Net.
19:44 of 2nd period - Trent Frederic is hit by Nikita Zadorov and loses puck.
Goals for this period are 1 for Colorado Rockies vs 1 for Los Angeles Kings.
Shots for this period are 15 for Colorado Rockies vs 10 for Los Angeles Kings.
3rd period
0:01 of 3rd period - Tim Stutzle wins face-off versus Seth Jarvis in neutral zone.
0:35 of 3rd period - Snap shot by Alexander Radulov.
0:35 of 3rd period - Stopped by Andrei Vasilevskiy with a rebound.
0:47 of 3rd period - Slapshot by Noah Dobson.
0:47 of 3rd period - Shot Blocked by Ryan O'Reilly.
0:49 of 3rd period - Slapshot by Noah Dobson.
0:49 of 3rd period - Shot Misses the Net.
0:51 of 3rd period - Slapshot by Noah Dobson.
0:51 of 3rd period - Shot Hit the Post.
0:53 of 3rd period - Wrist shot by Cole Perfetti.
0:53 of 3rd period - Shot Blocked by Victor Hedman.
0:55 of 3rd period - Wrist shot by Cole Perfetti.
0:55 of 3rd period - Shot Blocked by Quinn Hughes.
1:07 of 3rd period - Snap shot by Kyle Palmieri.
1:07 of 3rd period - Deflect By Noah Dobson.
1:07 of 3rd period - Shot Misses the Net.
1:07 of 3rd period - Puck is out of play.
1:08 of 3rd period - Cooper Marody wins face-off versus Nick Bonino in Los Angeles Kings zone.
1:39 of 3rd period - Slapshot by Tim Stutzle.
1:39 of 3rd period - Stopped by John Gibson with a rebound.
1:57 of 3rd period - Slapshot by Peyton Krebs.
1:57 of 3rd period - Shot Blocked by Martin Fehervary.
2:58 of 3rd period - Slapshot by K'Andre Miller.
2:58 of 3rd period - Shot Blocked by Kevin Hayes.
3:16 of 3rd period - Snap shot by Alexander Radulov.
3:16 of 3rd period - Shot Blocked by Jesper Bratt.
3:18 of 3rd period - Slapshot by Noah Dobson.
3:18 of 3rd period - Shot Blocked by Martin Fehervary.
3:22 of 3rd period - Backhand shot by Alexander Radulov.
3:22 of 3rd period - Shot Blocked by David Pastrnak.
3:24 of 3rd period - Snap shot by Trent Frederic.
3:24 of 3rd period - Stopped by Andrei Vasilevskiy with a rebound.
3:26 of 3rd period - Wrist shot by Owen Power.
3:26 of 3rd period - Shot Blocked by Jesper Bratt.
3:42 of 3rd period - Ryan O'Reilly is hit by Andrei Svechnikov and loses puck.
3:57 of 3rd period - Wrist shot by Nick Bonino.
3:57 of 3rd period - Stopped by John Gibson with a rebound.
4:14 of 3rd period - Alexander Romanov is hit by Andrew Peeke and loses puck.
5:14 of 3rd period - Quinn Hughes is hit by Alexander Romanov and loses puck.
5:21 of 3rd period - Cole Perfetti is hit by Evgeny Kuznetsov and loses puck.
5:32 of 3rd period - Martin Fehervary is hit by Trent Frederic and loses puck.
6:06 of 3rd period - Nick Bonino is hit by Andrei Svechnikov and loses puck.
6:29 of 3rd period - Slapshot by Vitali Kravtsov.
6:29 of 3rd period - Shot Blocked by Quinn Hughes.
6:52 of 3rd period - Peyton Krebs is hit by Kevin Hayes and loses puck.
9:12 of 3rd period - Slapshot by Nikita Kucherov.
9:12 of 3rd period - Shot Misses the Net.
9:14 of 3rd period - Slapshot by Quinn Hughes.
9:14 of 3rd period - Shot Blocked by Owen Power.
9:16 of 3rd period - Slapshot by Kyle Connor.
9:16 of 3rd period - Stopped by John Gibson with a rebound.
10:47 of 3rd period - Wrist shot by Andrei Svechnikov.
10:47 of 3rd period - Shot Misses the Net.
10:49 of 3rd period - Backhand shot by Alexander Romanov.
10:49 of 3rd period - Shot Misses the Net.
11:16 of 3rd period - Trent Frederic is hit by Martin Fehervary and loses puck.
11:21 of 3rd period - Snap shot by Nikita Kucherov.
11:21 of 3rd period - Stopped by John Gibson with a rebound.
11:23 of 3rd period - Snap shot by Nikita Kucherov.
11:23 of 3rd period - Shot Misses the Net.
11:27 of 3rd period - Snap shot by Nikita Kucherov.
11:27 of 3rd period - Stopped by John Gibson with a rebound.
11:51 of 3rd period - Slapshot by Nikita Kucherov.
11:51 of 3rd period - Deflect By Alexander Radulov.
11:51 of 3rd period - Stopped by John Gibson with a rebound.
11:53 of 3rd period - Slapshot by Martin Fehervary.
11:53 of 3rd period - Deflect By Nikita Kucherov.
11:53 of 3rd period - Goal by Nikita Kucherov - Colorado Rockies : 4 - Los Angeles Kings : 1.
11:54 of 3rd period - Tim Stutzle wins face-off versus Seth Jarvis in neutral zone.
12:47 of 3rd period - Snap shot by Michael Bunting.
12:47 of 3rd period - Shot Blocked by Owen Power.
12:49 of 3rd period - Snap shot by Michael Bunting.
12:49 of 3rd period - Stopped by John Gibson without a rebound.
12:50 of 3rd period - Nick Bonino wins face-off versus Andrei Svechnikov in Los Angeles Kings zone.
12:53 of 3rd period - Slapshot by Quinn Hughes.
12:53 of 3rd period - Stopped by John Gibson with a rebound.
13:21 of 3rd period - Slapshot by Quinn Hughes.
13:21 of 3rd period - Shot Blocked by Owen Power.
13:23 of 3rd period - Slapshot by Victor Hedman.
13:23 of 3rd period - Deflect By Tim Stutzle.
13:23 of 3rd period - Shot Misses the Net.
13:23 of 3rd period - Puck is out of play.
13:24 of 3rd period - Seth Jarvis wins face-off versus Tim Stutzle in Los Angeles Kings zone.
13:49 of 3rd period - Alexander Radulov is hit by Nick Schmaltz and loses puck.
14:14 of 3rd period - Slapshot by K'Andre Miller.
14:14 of 3rd period - Stopped by Andrei Vasilevskiy without a rebound.
14:15 of 3rd period - Kyle Connor wins face-off versus Cole Perfetti in Colorado Rockies zone.
14:32 of 3rd period - Owen Power is hit by Ryan O'Reilly and loses puck.
14:51 of 3rd period - Wrist shot by Kyle Connor.
14:51 of 3rd period - Stopped by John Gibson with a rebound.
14:53 of 3rd period - Snap shot by Nikita Kucherov.
14:53 of 3rd period - Goal by Nikita Kucherov - Colorado Rockies : 5 - Los Angeles Kings : 1.
14:54 of 3rd period - Tim Stutzle wins face-off versus Seth Jarvis in neutral zone.
15:11 of 3rd period - Andrei Svechnikov beats up Jesper Bratt.
15:11 of 3rd period - Penalty to Andrei Svechnikov for Fighting.
15:11 of 3rd period - Penalty to Jesper Bratt for Fighting.
15:12 of 3rd period - Tim Stutzle wins face-off versus Seth Jarvis in Colorado Rockies zone.
15:19 of 3rd period - Snap shot by Andrei Kuzmenko.
15:19 of 3rd period - Stopped by Andrei Vasilevskiy with a rebound.
15:47 of 3rd period - Snap shot by Vitali Kravtsov.
15:47 of 3rd period - Shot Misses the Net.
15:49 of 3rd period - Wrist shot by Cooper Marody.
15:49 of 3rd period - Shot Misses the Net.
15:59 of 3rd period - Owen Power is hit by Kevin Hayes.
16:07 of 3rd period - Kevin Hayes is hit by Trent Frederic and loses puck.
16:22 of 3rd period - Snap shot by Nikita Kucherov.
16:22 of 3rd period - Stopped by John Gibson with a rebound.
17:01 of 3rd period - Snap shot by Vitali Kravtsov.
17:01 of 3rd period - Shot Blocked by Kyle Connor.
17:03 of 3rd period - Slapshot by Joshua Brown.
17:03 of 3rd period - Shot Misses the Net.
17:45 of 3rd period - K'Andre Miller is hit by Nikita Zadorov and loses puck.
17:50 of 3rd period - Wrist shot by Cole Perfetti.
17:50 of 3rd period - Shot Misses the Net.
18:05 of 3rd period - Minor Penalty to Nikita Zadorov for Holding.
18:06 of 3rd period - Seth Jarvis wins face-off versus Nick Bonino in Colorado Rockies zone.
18:10 of 3rd period - Snap shot by Andrei Kuzmenko.
18:10 of 3rd period - Stopped by Andrei Vasilevskiy with a rebound.
18:12 of 3rd period - Snap shot by Noah Dobson.
18:12 of 3rd period - Stopped by Andrei Vasilevskiy without a rebound.
18:13 of 3rd period - Andrei Kuzmenko wins face-off versus Nick Bonino in Colorado Rockies zone.
Goals for this period are 2 for Colorado Rockies vs 0 for Los Angeles Kings.
Shots for this period are 12 for Colorado Rockies vs 6 for Los Angeles Kings.
Back to the Top